 Dungeon Crawl Stone Soup version 0.23-a0-484-g29ba69c (webtiles) character file.

65 mopl the Chopper (level 3, -1/29 HPs)
             Began as a Demonspawn Fighter on Nov 30, 2018.
             Killed from afar by an orc wizard (5 damage)
             ... with a puff of flame
             ... on level 2 of the Dungeon.
             The game lasted 00:02:20 (1718 turns).

mopl the Chopper (Demonspawn Fighter)               Turns: 1718, Time: 00:02:22

Health: -1/29      AC: 10    Str: 17    XL:     3   Next: 92%
Magic:  0/3        EV:  4    Int:  9    God:
Gold:   134        SH:  7    Dex: 12    Spells: 2/2 levels left

rFire    . . .     SeeInvis .   a - +0 war axe
rCold    . . .     Gourm    .   c - +0 shield
rNeg     + . .     Faith    .   i - +2 chain mail {rN+}
rPois    .         Spirit   +   (no helmet)
rElec    .         Reflect  .   (no cloak)
rCorr    .         Harm     .   (no gloves)
MR       .....                  (no boots)
Stlth    ..........             l - amulet of the acrobat
HPRegen  0.09/turn              (no ring)
MPRegen  0.08/turn              (no ring)

@: heavily drained
A: claws 1, magic shield
a: no special abilities


You were on level 2 of the Dungeon.
You were not hungry.

You visited 1 branch of the dungeon, and saw 3 of its levels.

You collected 134 gold pieces.

Inventory:

Hand Weapons
 a - a +0 war axe (weapon)
Missiles
 j - 8 javelins (quivered)
Armour
 c - a +0 shield (worn)
 i - a +2 chain mail of positive energy (worn)
Jewellery
 l - an amulet of the acrobat (around neck)
 o - an uncursed ring of fire
Scrolls
 b - a scroll of random uselessness {unknown}
 e - 3 scrolls of identify {unknown}
 h - a scroll of enchant weapon {unknown}
 k - a scroll of fog {unknown}
 p - a scroll of noise {unknown}
Potions
 d - a potion of might
 g - a potion of curing {unknown}
 m - 2 potions of flight {unknown}
 n - 2 potions of magic {unknown}
Comestibles
 f - 7 rations


   Skills:
 - Level 3.0(1.4) Fighting
 + Level 3.9(2.3) Axes
 - Level 2.6(1.1) Armour
 - Level 2.6(1.1) Shields


You had 2 spell levels left.
You didn't know any spells.
Your spell library was empty.

Dungeon Overview and Level Annotations

Branches:
Dungeon (3/15)

Altars:


Innate Abilities, Weirdness & Mutations

You have sharp fingernails.
When hurt, damage is shared between your health and your magic reserves.


Message History

You block something's attack. Something completely misses you.
Something hits you.
* * * LOW HITPOINT WARNING * * *
There is a stone staircase leading down, spattered with blood here.
A magic dart appears from out of thin air!
The magic dart hits you!
* * * LOW HITPOINT WARNING * * *
You see here a cursed -3 mace.
You miss something.
You hear some strange, mumbled words.
A puff of flame appears from out of thin air!
You block the puff of flame. Something hits you but does no damage.
You hit something. Something hits you but does no damage.
You closely miss something. You block something's attack.
You closely miss something.
You hear some strange, mumbled words.
A puff of flame appears from out of thin air!
The puff of flame hits you!
You die...

#.# #.# #.....### #.##
#.####.....# #..#
#.##.....### ##.#
#.##.##..# #.#
#.##.##.)# #.#
#.##.##>.# #.#
#.##..รท).# #.#
#.####...# #.#
#.@{.....#
#.#########.#.#####
#.................#
#######.......###(######
#.###.### #()..... #.#
#.# #..##### #.# #.#
#### #.# #.############
#.# #.............


There were no monsters in sight!

Vanquished Creatures
  An adder (D:2)
  2 worms (D:2)
  2 dart slugs (D:1)
  3 leopard geckos
  2 orcs (D:2)
  A ball python (D:2)
  3 giant cockroaches (D:1)
  4 hobgoblins
  9 kobolds
  5 bats
  A frilled lizard (D:1)
  2 goblins (D:1)
  6 rats
41 creatures vanquished.

Notes
Turn   | Place    | Note
-------+----------+-------------------------------------------
     0 | D:1      | mopl the Demonspawn Fighter began the quest for the Orb.
     0 | D:1      | Reached XP level 1. HP: 18/18 MP: 1/1
    13 | D:1      | Reached skill level 2 in Axes
    48 | D:1      | Gained mutation: When hurt, damage is shared between your
                  | health and your magic reserves. [demonic ancestry]
    48 | D:1      | Reached XP level 2. HP: 23/24 MP: 2/2
   425 | D:1      | Reached skill level 3 in Axes
   910 | D:2      | Gained mutation: You have sharp fingernails. [demonic
                  | ancestry]
   910 | D:2      | Reached XP level 3. HP: 29/29 MP: 3/3
  1718 | D:2      | Killed from afar by an orc wizard

Vault maps used:
D:1:      minmay_arrival_semitransparent, kennysheep_boxes
D:2:      first_ration, hangedman_decor_growths, chequers_serial_rivers_micro_c,
          minmay_misc_feat_plants
D:3:      zin_statuary, dk_noncrumbling_3

Skill      XL: |  1  2 |
---------------+-------+-----
Axes           | 2 3 |  3.9
Fighting       | |  3.0
Armour         | |  2.6
Shields        | |  2.6

Action                   || total
-------------------------++-------
Melee: War axe           ||   169
  Eat: Chunk             ||     3
Armor: Scale mail        ||    17
       Chain mail        ||    92
Dodge: Dodged            ||    32
Block: Shield            ||    99

Table legend:
 A = Non-vault XP
 B = Vault XP
 C = Vault XP percentage of total XP
 D = Non-vault monster count
 E = Vault monster count
 F = Vault count percentage of total count
                 A         B        C        D         E       F
            +---------+---------+-------+---------+---------+-------
      Total |      93 |       0 |   0.0 |      41 |       0 |   0.0
            +---------+---------+-------+---------+---------+-------
        D:1 |      38 |       0 |   0.0 |      22 |       0 |   0.0
        D:2 |      53 |       0 |   0.0 |      18 |       0 |   0.0
        D:3 |       2 |       0 |   0.0 |       1 |       0 |   0.0
            +---------+---------+-------+---------+---------+-------
